 Dungeon Crawl Stone Soup version 0.30.0-18-gc0e69614cb (webtiles) character file.

Game seed: 16321073400551525568

315 BlasphemerAmon the Magician (level 6, -5/32 HPs)
             Began as a Deep Elf Necromancer on May 25, 2023.
             Slain by an ogre
             ... wielding a +0 giant spiked club
              (23 damage)
             ... on level 4 of the Dungeon.
             The game lasted 00:04:02 (3425 turns).

BlasphemerAmon the Magician (Deep Elf Necromancer)  Turns: 3425, Time: 00:04:02

Health: -5/32      AC:  2    Str:  4 (5)  XL:     6   Next: 20%
Magic:  14/17      EV: 13    Int: 19 (22) God:
Gold:   178        SH:  0    Dex: 13 (15) Spells: 10/18 levels left

rFire   . . .        c - +0 long sword (elec)
rCold   . . .        (no shield)
rNeg    . . .        a - +0 robe
rPois   .            (no helmet)
rElec   .            (no cloak)
rCorr   .            (no gloves)
SInv    .            (no boots)
Will    .....        (no amulet)
Stlth   ++           (no ring)
HPRegen 0.25/turn    (no ring)
MPRegen 0.15/turn

%: no passive effects
@: no status effects
A: no striking features
a: no special abilities


You were on level 4 of the Dungeon.
You visited 1 branch of the dungeon, and saw 4 of its levels.

You collected 178 gold pieces.

Inventory:

Hand Weapons
 c - a +0 long sword of electrocution (weapon)
   (You found it on level 1 of the Dungeon)
Armour
 a - a +0 robe (worn)
Jewellery
 e - a ring of ice {rC+, rF-}
   (You found it on level 1 of the Dungeon)
 f - a ring of resist corrosion
   (You found it on level 1 of the Dungeon)
Scrolls
 d - a scroll of enchant weapon {unknown}
 i - a scroll of magic mapping {unknown}
 j - 2 scrolls of identify {unknown}
 k - a scroll of silence {unknown}
 l - a scroll of poison {unknown}
 m - a scroll of teleportation {unknown}
Potions
 b - a potion of magic
 g - a potion of heal wounds {unknown}
 h - a potion of degeneration {!q}


   Skills:
 + Level 1.1 Long Blades
 + Level 3.1 Dodging
 + Level 3.3 Stealth
 * Level 6.9 Spellcasting
 * Level 5.9 Necromancy


You had 10 spell levels left.
You knew the following spells:

 Your Spells              Type           Power      Damage    Failure   Level
a - Necrotise             Necr           100%       1d9       1%          1
d - Animate Dead          Necr           29%        N/A       9%          4
x - Vampiric Draining     Necr           29%        2d8       2%          3

Your spell library contained the following spells:

 Spells                   Type           Power      Damage    Failure   Level
 Beastly Appendage        Tmut           12%        N/A       11%         1
 Slow                     Hex            24%        N/A       11%         1
 Wereblood                Tmut           6%         N/A       16%         2
 Agony                    Necr           29%        N/A       26%         5
 Confusing Touch          Hex            6%         N/A       30%         3
 Gell's Gravitas          Tloc           6%         N/A       30%         3
 Ignite Poison            Fire/Tmut/Pois 6%         N/A       30%         3
 Spider Form              Tmut/Pois      6%         N/A       30%         3
 Teleport Other           Tloc           6%         N/A       30%         3
 Sticky Flame             Conj/Fire      6%         2d3       71%         4
 Fireball                 Conj/Fire      3%         3d4       96%         5
 Iskenderun's Battlesphe  Conj           6%         2d6       96%         5
 Conjure Ball Lightning   Conj/Air       3%         3x3d6     100%        6
 Dispersal                Tloc           3%         N/A       100%        6
 Orb of Destruction       Conj           3%         9d5       100%        7
 Ignition                 Fire           3%         3d4       100%        8


Dungeon Overview and Level Annotations

Branches:
Dungeon (4/15)
 Temple: D:4-7

Altars:
Cheibriados
Elyvilon
Fedhas
Nemelex Xobeh


Message History

You now have 16/17 mp.
The ball python writhes in agony.
You kill the ball python!
The dead are slithering!
You now have 15/17 mp.
You can't see any susceptible monsters within range! (Use Z to cast anyway.)
Your kobold skeleton crumbles into dust!
k - a scroll labelled QEHUG QASOD MP restored: 17 A quokka comes into view.
A quokka is nearby!
An endoplasm comes into view.
The quokka writhes in agony!
You kill the quokka!
The dead are hopping!
You now have 16/17 mp.
You can't see any susceptible monsters within range! (Use Z to cast anyway.)
You can't see any susceptible monsters within range! (Use Z to cast anyway.)
An endoplasm is nearby!
An endoplasm is nearby!
An endoplasm is nearby!
You can't see any susceptible monsters within range! (Use Z to cast anyway.)
You can't see any susceptible monsters within range! (Use Z to cast anyway.)
You can't see any susceptible monsters within range! (Use Z to cast anyway.)
The endoplasm quivers.
The endoplasm barely resists.
Your quokka skeleton barely misses the endoplasm.
You now have 15/17 mp.
The endoplasm writhes in agony!
You kill the endoplasm!
You now have 14/17 mp.
You can't see any susceptible monsters within range! (Use Z to cast anyway.)
A ball python comes into view.
MP restored: 17 A ball python is nearby!
A ball python is nearby!
A ball python is nearby!
A ball python is nearby!
Your quokka skeleton crumbles into dust!
There is a sparkling altar of Nemelex Xobeh here.
The ball python hisses angrily.
The ball python writhes in agony!
You kill the ball python!
The dead are slithering!
You now have 16/17 mp.
You can't see any susceptible monsters within range! (Use Z to cast anyway.)
You can't see any susceptible monsters within range! (Use Z to cast anyway.)
You can't see any susceptible monsters within range! (Use Z to cast anyway.)
Found a stone staircase leading up.
MP restored: 17 An orc comes into view.
It is wielding a +0 trident and wearing a +2 leather armour of cold resistance.
You see here a scroll labelled YQEFRI YGREWIU.
An orc comes into view. It is wielding a +0 flail.
The orc shouts! x2
An orc wizard comes into view. It is wielding a +0 dagger.
You hear a shout!
The orc writhes in agony.
Your ball python skeleton crumbles into dust!
You now have 16/17 mp.
The orc writhes in agony!
You kill the orc!
You now have 15/17 mp.
The orc wizard writhes in agony.
You now have 14/17 mp.
The orc wizard writhes in agony!
You now have 13/17 mp.
The orc wizard writhes in agony.
You kill the orc wizard!
The dead are walking!
Your orc skeleton hits the orc.
An ogre comes into view. It is wielding a +0 giant spiked club.
The orc hits your orc skeleton with a +0 flail!
Your orc skeleton is destroyed!
You now have 12/17 mp.
The orc writhes in agony.
You now have 11/17 mp.
The orc writhes in agony!
You kill the orc!
The dead are walking!
You can't see any susceptible monsters within range! (Use Z to cast anyway.)
You can't see any susceptible monsters within range! (Use Z to cast anyway.)
You can't see any susceptible monsters within range! (Use Z to cast anyway.)
Your orc wizard skeleton hits the ogre.
The ogre hits your orc wizard skeleton with a +0 giant spiked club!!
Your orc wizard skeleton is destroyed!
Your orc skeleton hits the ogre but does no damage.
Your orc skeleton closely misses the ogre.
The ogre attacks as you move away! The ogre closely misses you.
The ogre attacks as you move away!
The ogre hits you with a +0 giant spiked club!
Ouch! That really hurt!
You take 17 damage, and have 15/32 hp.
MASSIVE DAMAGE!!
Casting: Necrotise (safe; 1% risk of failure)
You can't see any susceptible monsters within range! (Use Z to cast anyway.) Unknown command.
The ogre barely misses you.
There is a sparkling altar of Nemelex Xobeh here.
The ogre attacks as you move away!
The ogre hits you with a +0 giant spiked club!!
Ouch! That really hurt!
You die...

##### #.......# ######.....
#...<...# ######..........##
#.......#
................####...)...#
####...####.####......>.....#
#####......##.....##............#
......###..#.......#.........####
.?#####....#.......#.........#
..# #.#...Z..O@...........># ..#
...#..#.......#.........# ###..##
#..#.......#......(..# ..
#..##.....##......#..# .
...####.####.........#
#...................#.#
[.#.######.............. ####.#
##.............. #..............


You could see an ogre (ally target) and a friendly orc skeleton.

Vanquished Creatures
  2 orc priests (D:3)
  A hound (D:3)
  3 orc wizards (D:3 D:4)
  4 adders (D:2 D:3)
  A worm (D:3)
  A dart slug (D:1)
  19 orcs (D:3 D:4)
  7 ball pythons (D:1 D:2 D:3 D:4)
  3 endoplasms (D:1 D:2 D:4)
  4 giant cockroaches (D:1 D:2 D:3)
  4 goblins (D:1 D:2 D:3)
  8 hobgoblins (D:1 D:2 D:3)
  7 jackals (D:2)
  4 kobolds (D:1 D:4)
  4 quokkas (D:1 D:4)
  7 bats (D:1 D:2)
  3 frilled lizards (D:1 D:2)
  4 rats (D:1 D:3)
86 creatures vanquished.

Vanquished Creatures (collateral kills)
  An endoplasm (D:1)
  3 rats (D:1 D:3)
4 creatures vanquished.

Vanquished Creatures (others)
  A hobgoblin zombie (D:3)
  3 orc zombies (D:3)
4 creatures vanquished.

Grand Total: 94 creatures vanquished

Notes
Turn   | Place    | Note
-------+----------+-------------------------------------------
     0 | D:1      | BlasphemerAmon the Deep Elf Necromancer began the quest for
                  | the Orb.
     0 | D:1      | Reached XP level 1. HP: 10/10 MP: 6/6
   142 | D:1      | Reached skill level 4 in Spellcasting
   142 | D:1      | Reached XP level 2. HP: 15/15 MP: 2/9
   804 | D:1      | Reached XP level 3. HP: 19/19 MP: 7/11
  1015 | D:1      | Learned a level 3 spell: Vampiric Draining
  1039 | D:2      | Reached skill level 5 in Spellcasting
  1337 | D:2      | Found a snail-covered altar of Cheibriados.
  1481 | D:2      | Reached XP level 4. HP: 24/24 MP: 11/13
  1534 | D:2      | Reached skill level 6 in Spellcasting
  1541 | D:2      | HP: 11/24 [goblin/+0 club (3)]
  2112 | D:2      | Found a faded altar of an unknown god.
  2279 | D:3      | Reached skill level 5 in Necromancy
  2298 | D:3      | Learned a level 4 spell: Animate Dead
  2571 | D:3      | Reached XP level 5. HP: 28/28 MP: 11/15
  2589 | D:3      | Reached skill level 3 in Stealth
  2591 | D:3      | HP: 12/28 [orc/+0 hand axe (4)]
  2593 | D:3      | HP: 4/28 [orc/+0 hand axe (5)]
  2593 | D:3      | HP: 1/28 [orc/+0 hand axe (3)]
  2612 | D:3      | HP: 2/28 [orc/+0 flail (4)]
  2742 | D:3      | Found a white marble altar of Elyvilon.
  2757 | D:3      | Reached skill level 1 in Long Blades
  2757 | D:3      | Reached skill level 3 in Dodging
  3044 | D:3      | Reached XP level 6. HP: 32/32 MP: 13/17
  3156 | D:3      | Found a blossoming altar of Fedhas.
  3321 | D:4      | Found a sparkling altar of Nemelex Xobeh.
  3413 | D:4      | HP: 15/32 [ogre/+0 giant spiked club (17)]
  3425 | D:4      | Slain by an ogre

Illustrated notes

Levels and vault maps discovered:
D:1:      psy_arrival_fountain, layout_loops_ring, hangedman_decor_push,
          st_stairs_11
D:2:      layout_rooms, shapermc_ecumenical_altar_flowoftime, basic_altar,
          dreamdust_wishing_well
D:3:      layout_loops_ring, nicolae_overflow_crystal_walls, fedhas_altar_2
D:4:      layout_rooms, old_standard_altar, vehumet_crystals

Skill      XL: |  1  2  3  4  5 |
---------------+----------------+-----
Spellcasting   | 4 5 6 |  6.9
Necromancy     | 5 |  5.9
Stealth        | 3 |  3.3
Long Blades    | 1 |  1.1
Dodging        | 3 |  3.1

Action                     |  1- 3 |  4- 6 || total
---------------------------+-------+-------++-------
  Melee: Unarmed           |     1 |       ||     1
         Long sword        |     9 |    24 ||    33
         Punch             |       |     2 ||     2
   Cast: Necrotise         |    61 |    77 ||   138
         Animate Dead      |       |     1 ||     1
    Use: Scroll            |       |     1 ||     1
         Potion            |       |     3 ||     3
   Stab: Sleeping          |       |     1 ||     1
         Invisible         |       |     1 ||     1
 Armour: Robe              |     4 |     1 ||     5
  Dodge: Dodged            |    26 |    22 ||    48

Levels and vault maps discovered:
D:1:      psy_arrival_fountain, layout_loops_ring, hangedman_decor_push,
          st_stairs_11
D:2:      layout_rooms, shapermc_ecumenical_altar_flowoftime, basic_altar,
          dreamdust_wishing_well
D:3:      layout_loops_ring, nicolae_overflow_crystal_walls, fedhas_altar_2
D:4:      layout_rooms, old_standard_altar, vehumet_crystals

Table legend: (Time is in decaauts)
 A = Elapsed time spent in this place.
 B = Non-inter-level travel time spent in this place.
 C = Inter-level travel time spent in this place.
 D = Time resting spent in this place.
 E = Time spent auto-exploring this place.
 F = Levels seen in this place.
 G = Mean time per level.
                   A        B        C        D        E       F      G
               +--------+--------+--------+--------+--------+-----+--------+
         Total |   3436 |   3326 |    110 |    388 |   2485 |   4 |  859.0 |
       Dungeon |   3436 |   3326 |    110 |    388 |   2485 |   4 |  859.0 |
               +--------+--------+--------+--------+--------+-----+--------+

Top non-repeatable levels by time:
     D:2: 1253 daAuts
     D:3: 1035 daAuts
     D:1: 1022 daAuts
     D:4: 124 daAuts

Table legend:
 A = Kills in this place as a percentage of kills in the entire game.
 B = Kills by you in this place as a percentage of kills by you in the entire game.
 C = Kills by friends in this place as a percentage of kills by friends in the entire game.
 D = Other kills in this place as a percentage of other kills in the entire game.
 E = Experience gained in this place as a percentage of experience gained in the entire game.
 F = Experience gained in this place divided by the number of levels of this place that you have seen.
                   A       B       C       D       E      F
               +-------+-------+-------+-------+-------+----------------------
         Total | 100.0 | 100.0 | 100.0 |   N/A | 100.0 | 112.8
       Dungeon | 100.0 | 100.0 | 100.0 |   N/A | 100.0 | 112.8
               +-------+-------+-------+-------+-------+----------------------
